 Dungeon Crawl Stone Soup version 0.31-a0-221-gbddc013574 (webtiles) character file.

Game seed: 3751431320032640025

18 qw the Shooter (level 2, 0/16 HPs)
             Began as a Gargoyle Hexslinger on July 4, 2023.
             Slain by an adder (3 damage)
             ... on level 2 of the Dungeon.
             The game lasted 00:00:16 (1219 turns).

qw the Shooter (Gargoyle Hexslinger)                Turns: 1219, Time: 00:00:16

Health: 0/16       AC:  8    Str: 11    XL:     2   Next: 66%
Magic:  3/3        EV: 10    Int: 13    God:
Gold:   28         SH:  0    Dex: 12    Spells: 2/3 levels left

rFire   . . .        Y - +1 sling
rCold   . . .        (no shield)
rNeg    + . .        h - +1 ring mail {rPois}
rPois   inf          (no helmet)
rElec   +            (no cloak)
rCorr   .            (no gloves)
SInv    .            (no boots)
Will    .....        (no amulet)
Stlth   +            (no ring)
HPRegen 0.22/turn    (no ring)
MPRegen 0.08/turn

%: no passive effects
@: no status effects
A: sickness immunity, AC +2, negative energy resistance 1, electricity
resistance, torment resistance 1, petrification resistance
a: no special abilities


You were on level 2 of the Dungeon.
You visited 1 branch of the dungeon, and saw 2 of its levels.

You collected 28 gold pieces.


Innate Abilities, Weirdness & Mutations

You are immune to sickness and miasma.
Your stone body is resilient. (AC +2)
You are immune to poison.
You resist negative energy. (rN+)
You are resistant to electric shocks. (rElec)
You are resistant to unholy torment.
You are immune to petrification.


   Skills:
 + Level 1.4 Fighting
 - Level 3.0 Ranged Weapons
 - Level 1.5 Dodging
 - Level 1.0 Spellcasting
 - Level 2.6 Hexes


You had 2 spell levels left.
You knew the following spells:

 Your Spells              Type           Power      Damage    Failure   Level
a - Slow                  Hex            28%        N/A       22%         1

Your spell library contained the following spells:

 Spells                   Type           Power      Damage    Failure   Level
 Inner Flame              Hex/Fire       4%         N/A       75%         3
 Portal Projectile        Hex/Tloc       8%         N/A       75%         3
 Cause Fear               Hex            3%         N/A       92%         4

Inventory:

Hand Weapons
 Y - a +1 sling (weapon)
Armour
 h - a +1 ring mail of poison resistance (worn)
Scrolls
 b - a scroll of enchant weapon {unknown}
 e - a scroll of identify
Potions
 a - a potion of degeneration {unknown}
 g - a potion of mutation {unknown}

Dungeon Overview and Level Annotations

Branches:
Dungeon (2/15)

Altars:


Message History

Enter note: You shoot a sling bullet.
The sling bullet barely misses the adder.
The hobgoblin shouts!
A quokka comes into view.
You shoot a sling bullet.
The sling bullet barely misses the adder.
You shoot a sling bullet. The sling bullet hits the adder.
The adder is moderately wounded.
A bat comes into view.
You shoot a sling bullet.
The sling bullet hits the adder but does no damage.
The adder is moderately wounded.
The adder bites you. The adder completely misses you.
You shoot a sling bullet.
The sling bullet barely misses the adder.
The adder closely misses you.
A giant cockroach comes into view.
The adder bites you but does no damage.
The quokka bites you but does no damage.
The hobgoblin hits you.
The giant cockroach moves out of view.
You shoot a sling bullet. The sling bullet hits the adder.
The adder is heavily wounded.
The bat barely misses you. The adder bites you but does no damage.
The quokka bites you but does no damage.
The hobgoblin hits you. The adder bites you but does no damage.
The bat hits you but does no damage. The quokka closely misses you.
You shoot a sling bullet. The sling bullet hits the adder.
The adder is heavily wounded.
The bat barely misses you. The bat hits you but does no damage.
The adder bites you. The hobgoblin closely misses you.
The quokka closely misses you. The adder barely misses you.
You shoot a sling bullet. The sling bullet hits the adder.
The adder is severely wounded.
The bat closely misses you. The quokka bites you.
The hobgoblin hits you but does no damage.
The adder barely misses you. The bat hits you.
The quokka bites you but does no damage.
The hobgoblin hits you. The adder bites you.
You die...

....# #...# .. .. #...8
#.##.. #...# ##.#...
...###..... #..##....#
##gS8#.... ##..###.r@##.#.#
.....(....b..#.#
......####..#.# ...###
##.#.# .#...#####...#
...........###########
#######....................
...............#...........
########........#..........


You could see an adder, a quokka, a hobgoblin and a bat.

Vanquished Creatures
  2 ball pythons (D:1)
  A bat (D:1)
  An endoplasm (D:1)
  A goblin (D:1)
  6 hobgoblins
  4 frilled lizards (D:1)
15 creatures vanquished.

Notes
Turn   | Place    | Note
-------+----------+-------------------------------------------
     0 | D:1      | qw the Gargoyle Hexslinger began the quest for the Orb.
     0 | D:1      | Reached XP level 1. HP: 12/12 MP: 2/2
     0 | D:1      | 0 ||| qw: Version: 0.3-a-40-ge99b1a8
     0 | D:1      | 0 ||| qw: Game counter: 678
     0 | D:1      | 0 ||| qw: Melee chars always use a shield: true
     0 | D:1      | 0 ||| qw: God list: Okawaru
     0 | D:1      | 0 ||| qw: Allow faded altars: false
     0 | D:1      | 0 ||| qw: Do Orc after clearing Dungeon:15 true
     0 | D:1      | 0 ||| qw: Do second Lair branch before Depths: true
     0 | D:1      | 0 ||| qw: Lair rune preference: random
     0 | D:1      | 0 ||| qw: Goals: Normal
     0 | D:1      | 0 ||| PLANNING D:1-11
   424 | D:1      | Reached XP level 2. HP: 16/16 MP: 3/3
   656 | D:1      | Reached skill level 3 in Ranged Weapons
  1099 | D:1      | 1099 ||| UPGRADING to +0 ring mail.
  1109 | D:1      | 1109 ||| DROPPING +0 robe.
  1110 | D:1      | 1110 ||| UPGRADING to +1 ring mail of poison resistance.
  1120 | D:1      | 1120 ||| DROPPING +0 ring mail.
  1121 | D:1      | 1121 ||| READING scroll labelled UMOUSUNAOLE.
  1122 | D:1      | 1122 ||| READING 2 scrolls labelled LOEGEAXZ ICEIM.
  1123 | D:1      | 1123 ||| DROPPING scroll of poison.
  1153 | D:2      | 1153 ||| STAIRDANCE
  1219 | D:2      | HP: 4/16 [bat (1)]
  1219 | D:2      | Slain by an adder

Levels and vault maps discovered:
D:1:      lightli_arrival_quake, layout_basic, chequers_serial_rivers_large_a,
          nicolae_eternal_life, chequers_serial_rivers_micro_c
D:2:      layout_rooms, serial_corexii_hall, chequers_hall_statues_wall_a,
          chequers_hall_statues_wall_a, corexii_hall_statues_i,
          chequers_hall_statues_corner_a,
          dreamdust_ecumenical_altar_angels_and_demons

Skill      XL: |  1  2 |
---------------+-------+-----
Ranged Weapons | 3 |  3.0
Fighting       | |  1.4
Dodging        | |  1.5
Spellcasting   | |  1.0
Hexes          | |  2.6

Action                     || total
---------------------------++-------
   Fire: Sling             ||    65
    Use: Scroll            ||     2
 Armour: Robe              ||     9
         Ring mail         ||    13
  Dodge: Dodged            ||    46

Table legend:
 A = Non-vault XP
 B = Vault XP
 C = Vault XP percentage of total XP
 D = Non-vault monster count
 E = Vault monster count
 F = Vault count percentage of total count
                 A         B        C        D         E       F
            +---------+---------+-------+---------+---------+-------
      Total |      26 |       0 |   0.0 |      15 |       0 |   0.0
            +---------+---------+-------+---------+---------+-------
        D:1 |      24 |       0 |   0.0 |      14 |       0 |   0.0
        D:2 |       2 |       0 |   0.0 |       1 |       0 |   0.0
            +---------+---------+-------+---------+---------+-------
